 Dungeon Crawl Stone Soup version 0.22.1-1-ga44c0e5 (webtiles) character file.

15185 brandon the Cleaver (level 11, -8/102 HPs)
             Began as a Minotaur Berserker on Oct 1, 2018.
             Was a High Priest of Trog.
             Mangled by Frances
             ... wielding a +0 glaive
              (19 damage)
             ... on level 12 of the Dungeon.
             The game lasted 00:30:37 (11299 turns).

brandon the Cleaver (Minotaur Berserker)           Turns: 11299, Time: 00:30:39

Health: -8/102     AC: 17    Str: 22    XL:     11   Next: 98%
Magic:  0/10       EV: 12    Int:  4    God:    Trog [*****.]
Gold:   783        SH:  0    Dex: 13    Spells: 10/10 levels left

rFire    . . .     SeeInvis .   p - +5 battleaxe
rCold    . . .     Gourm    .   (shield currently unavailable)
rNeg     . . .     Faith    .   P - +0 plate armour
rPois    .         Spirit   +   v - +0 hat
rElec    .         Reflect  .   K - scarf {Spirit}
rCorr    .         Harm     .   g - +0 pair of gloves
MR       .....                  F - +0 pair of boots
Stlth    ..........             (no amulet)
HPRegen  0.27/turn              q - +1 ring of evasion
MPRegen  0.12/turn              (no ring)

@: berserk cooldown, starving, slowed, drained, very slow
A: retaliatory headbutt, horns 2
a: Berserk, Trog's Hand, Brothers in Arms, Renounce Religion


You were on level 12 of the Dungeon.
You worshipped Trog.
Trog was extremely pleased with you.
You were starving.

You visited 2 branches of the dungeon, and saw 13 of its levels.

You collected 783 gold pieces.

Inventory:

Hand Weapons
 p - a +5 battleaxe (weapon)
 y - a +2 antimagic broad axe
Missiles
 w - 3 javelins of penetration (quivered)
Armour
 g - a +0 pair of gloves (worn)
 v - a +0 hat (worn)
 F - a +0 pair of boots (worn)
 K - a scarf of spirit shield (worn)
 L - a +0 shield
 P - a +0 plate armour (worn)
Jewellery
 a - a cursed ring of attention {unknown}
 q - a +1 ring of evasion (left hand)
 s - an uncursed ring of ice
 E - a +6 amulet of reflection {unknown}
 H - an uncursed amulet of rage {unknown}
 Q - a cursed ring of fire {unknown}
Wands
 B - a wand of acid (16)
 G - a wand of polymorph (31)
 M - a wand of iceblast (21)
 O - a wand of random effects (36)
 S - a wand of clouds (8)
Scrolls
 e - 5 scrolls of magic mapping
 f - 8 scrolls of identify
 i - 7 scrolls of teleportation
 k - a scroll of immolation
 o - 2 scrolls of amnesia {unknown}
 r - 2 scrolls of noise {unknown}
 t - 5 scrolls of remove curse
 x - 2 scrolls of fear {unknown}
 A - a scroll of blinking {unknown}
 C - a scroll of silence {unknown}
 D - 2 scrolls of vulnerability {unknown}
 I - 2 scrolls of random uselessness {unknown}
 N - a scroll of torment {unknown}
 R - a scroll of fog {unknown}
Potions
 b - 3 potions of ambrosia {unknown}
 d - 3 potions of degeneration {unknown}
 h - a potion of resistance {unknown}
 j - 4 potions of haste {unknown}
 l - 2 potions of agility {unknown}
 m - 4 potions of heal wounds {unknown}
 n - 6 potions of curing {unknown}
 u - a potion of berserk rage {unknown}
 z - 3 potions of lignification {unknown}
 J - a potion of invisibility {unknown}
 T - a potion of mutation {unknown}
Comestibles
 c - 28 rations


   Skills:
 + Level 11.0(10.9) Fighting
 * Level 14.5(14.4) Axes
 + Level 10.7(10.6) Armour
 + Level 9.9(9.8) Dodging


You had 10 spell levels left.
You didn't know any spells.
Your spell library contained the following spells:

 Spells                   Type           Power        Failure   Level  Hunger
 Animate Skeleton         Necr           N/A          100%        1    ##.....
 Magic Dart               Conj           #...         100%        1    ##.....
 Pain                     Necr           #...         100%        1    ##.....
 Blink                    Tloc           N/A          100%        2    ###....
 Call Imp                 Summ           #.......     100%        2    ###....
 Slow                     Hex            #.......     100%        2    ###....
 Conjure Flame            Conj/Fire      #.......     100%        3    ####...
 Mephitic Cloud           Conj/Pois/Air  #.......     100%        3    ####...
 Regeneration             Chrm/Necr      #.........   100%        3    ####...
 Static Discharge         Conj/Air       #.......     100%        3    ####...
 Vampiric Draining        Necr           #.........   100%        3    ####...
 Animate Dead             Necr           N/A          100%        4    #####..
 Bolt of Magma            Conj/Fire/Erth #.........   100%        5    ######.
 Iskenderun's Battlesphe  Conj/Chrm      #.......     100%        5    ######.
 Lightning Bolt           Conj/Air       #.........   100%        5    ######.
 Venom Bolt               Conj/Pois      #.........   100%        5    ######.
 Iron Shot                Conj/Erth      #.........   100%        6    #######
 Orb of Destruction       Conj           #.........   100%        7    #######
 Spellforged Servitor     Conj/Summ      #.........   100%        7    #######
 Ignition                 Fire           #.........   100%        8    #######
 Shatter                  Erth           #.........   100%        9    #######
 Tornado                  Air            #.........   100%        9    #######


Dungeon Overview and Level Annotations

Branches:
Dungeon (12/15)            Temple (0/1) D:7            Lair (1/6) D:9
    Orc (0/2) D:9

Altars:
Ashenzari
Cheibriados
Dithmenos
Gozag
Hepliaklqana
Nemelex Xobeh
Okawaru
Qazlal
Vehumet
Wu Jian
Yredelemnul
Zin
The Shining One

Shops:
D:4 [   D:5 ((:   D:7 *   D:10 ?

Annotations:
D:12 Frances


Innate Abilities, Weirdness & Mutations

You reflexively headbutt those who attack you in melee.
You have a pair of horns on your head.


Message History

You kill the rust devil!
You are no longer berserk.
You are exhausted.
You feel yourself slow down. Frances hits you with a glaive!
* * * LOW HITPOINT WARNING * * *
A centaur warrior skeleton comes into view.
You barely miss Frances.
Frances is severely wounded.
Frances barely misses you. The jelly barely misses you.
You furiously retaliate!
You headbutt the jelly, but do no damage.
Frances hits you but does no damage.
Okay, then.
You hit Frances. Your headbutt misses Frances.
Frances is severely wounded.
You slice the jelly!!
You kill the jelly!
Trog accepts your kill. Frances hits you with a glaive!!
You die...

...#..#######.....#
...#..# #.....#
.###..# #....##
.+....# #....#
.#....# #....#
.#....# #....#
##....# #....#
......# #....#
......# #...@#
####..# #..O@#
...#..# #.....
...#..# #......
...#..# #.......
...# .. ....Z....
#### .. ...........
.............


You could see Frances, an ogre and a centaur warrior skeleton.

Vanquished Creatures
  Josephine (D:12)
  A rakshasa (D:10)
  2 two-headed ogres (D:11)
  A centaur zombie (D:10)
  Psyche (D:8)
  2 trolls (D:11)
  3 slime creatures (D:12)
  6 yaks (D:8)
  A wyvern (D:6)
  3 wraiths (D:12)
  Grum (D:8)
  A hungry ghost (D:9)
  A soldier ant (D:11)
  An acid dragon (D:11)
  A water moccasin (D:9)
  5 swamp worms (D:9)
  5 orc warriors
  2 porcupines (D:9)
  3 black bears
  A phantom (D:4)
  6 sky beasts
  3 ice beasts
  A necrophage (D:7)
  7 ogres
  3 wolves (D:8)
  11 centaurs
  2 crocodiles
  4 bullfrogs
  A gnoll sergeant (D:10)
  6 scorpions
  A water moccasin skeleton (D:8)
  19 killer bees
  8 wights
  2 howler monkeys (D:6)
  6 jellies
  7 crimson imps
  5 orc priests
  5 centaur skeletons
  6 hounds
  Natasha (D:2)
  4 iguanas
  9 orc wizards
  12 worker ants
  A hound zombie (D:8)
  2 hound skeletons
  Robin (D:2)
  10 adders
  17 gnolls
  3 shadow imps
  An ooze (D:3)
  An adder skeleton (D:6)
  A worm (D:2)
  4 dart slugs
  2 leopard geckos
  33 orcs
  4 giant cockroaches
  15 goblins
  18 hobgoblins
  17 jackals
  4 kobolds
  2 quokkas
  4 ball pythons
  11 bats
  12 frilled lizards
  A jackal skeleton (D:4)
  11 rats
  A plant (D:9)
347 creatures vanquished.

Vanquished Creatures (others)
  10 fungi (D:9)
  8 plants (D:9)
18 creatures vanquished.

Grand Total: 365 creatures vanquished

Notes
Turn   | Place    | Note
-------+----------+-------------------------------------------
     0 | D:1      | brandon the Minotaur Berserker began the quest for the Orb.
     0 | D:1      | Reached XP level 1. HP: 19/19 MP: 0/0
   197 | D:1      | Reached skill level 4 in Axes
   197 | D:1      | Reached XP level 2. HP: 22/27 MP: 1/1
   596 | D:1      | Reached ** piety under Trog
   665 | D:1      | Reached XP level 3. HP: 31/33 MP: 2/2
  1121 | D:2      | Found a shadowy altar of Dithmenos.
  1133 | D:2      | Found a snail-covered altar of Cheibriados.
  1231 | D:2      | Reached XP level 4. HP: 37/41 MP: 3/3
  1290 | D:2      | Noticed Robin
  1299 | D:2      | Killed Robin
  1299 | D:2      | Reached skill level 5 in Axes
  1438 | D:2      | Reached XP level 5. HP: 47/47 MP: 4/4
  1445 | D:2      | Reached *** piety under Trog
  1553 | D:2      | Noticed Natasha
  1558 | D:2      | Killed Natasha
  2590 | D:4      | Reached skill level 5 in Fighting
  2590 | D:4      | Reached XP level 6. HP: 49/56 MP: 5/5
  2605 | D:4      | Reached skill level 6 in Axes
  2704 | D:4      | Reached **** piety under Trog
  2716 | D:4      | Reached XP level 7. HP: 24/61 MP: 6/6
  2991 | D:4      | Reached skill level 7 in Axes
  2994 | D:4      | Found Nuklacam's Armour Emporium.
  3100 | D:4      | Found a glowing golden altar of the Shining One.
  3102 | D:4      | Found an iron altar of Okawaru.
  3261 | D:4      | Reached skill level 5 in Armour
  3287 | D:4      | Found a stormy altar of Qazlal.
  3375 | D:5      | Entered Level 5 of the Dungeon
  3470 | D:5      | Found Eqihifax's Antique Weapon Shop.
  3581 | D:5      | Found Darritt's Book Boutique.
  3772 | D:5      | Found Daos's Antique Weapon Boutique.
  3781 | D:5      | Reached skill level 5 in Dodging
  3781 | D:5      | Reached XP level 8. HP: 70/70 MP: 7/7
  3783 | D:5      | Reached skill level 8 in Axes
  3921 | D:5      | Found a hazy altar of Hepliaklqana.
  4150 | D:5      | Found a sparkling altar of Nemelex Xobeh.
  4605 | D:6      | Reached skill level 9 in Axes
  4610 | D:6      | Reached ***** piety under Trog
  4633 | D:6      | Received a gift from Trog
  4761 | D:6      | Reached XP level 9. HP: 79/79 MP: 8/8
  4871 | D:6      | Reached skill level 10 in Axes
  5041 | D:6      | Found a radiant altar of Vehumet.
  5071 | D:6      | Received a gift from Trog
  5373 | D:7      | Found a shattered altar of Ashenzari.
  5943 | D:7      | Found a basalt altar of Yredelemnul.
  6043 | D:7      | Found Nyvewn's Assorted Antiques.
  6090 | D:7      | Found a staircase to the Ecumenical Temple.
  6178 | D:7      | Found an ornate altar of the Wu Jian Council.
  6201 | D:7      | Reached skill level 11 in Axes
  6435 | D:7      | Found an opulent altar of Gozag.
  6439 | D:7      | Found a glowing silver altar of Zin.
  6523 | D:8      | Reached XP level 10. HP: 56/90 MP: 9/9
  6839 | D:8      | Noticed Psyche
  6877 | D:8      | Killed Psyche
  6990 | D:8      | Noticed Grum
  7007 | D:8      | Killed Grum
  7129 | D:8      | Reached skill level 12 in Axes
  8039 | D:9      | Found a staircase to the Orcish Mines.
  8329 | D:9      | Reached XP level 11. HP: 77/99 MP: 10/10
  8447 | D:9      | Reached skill level 13 in Axes
  8652 | D:9      | Found a staircase to the Lair.
  8793 | D:10     | Entered Level 10 of the Dungeon
  8865 | D:10     | Reached skill level 10 in Fighting
  9244 | D:10     | Found Bivobriu's Magic Scroll Boutique.
  9537 | D:10     | Noticed a rakshasa
  9548 | D:10     | Killed a rakshasa
  9712 | D:11     | Reached skill level 10 in Armour
  9758 | D:11     | Noticed a two-headed ogre
  9770 | D:11     | Killed a two-headed ogre
 10094 | D:11     | Reached skill level 14 in Axes
 10654 | Lair:1   | Entered Level 1 of the Lair of Beasts
 10665 | Lair:1   | Noticed a four-headed hydra
 10775 | D:11     | Noticed a two-headed ogre
 10781 | D:11     | Killed a two-headed ogre
 10962 | D:12     | Noticed Josephine
 10971 | D:12     | Killed Josephine
 11285 | D:12     | Noticed Frances
 11299 | D:12     | Mangled by Frances

Skill      XL: |  1  2  3  4  5  6  7  8  9 10 11 |
---------------+----------------------------------+-----
Axes           | 4 5 6 7 9 11 12 14 | 14.5
Fighting       | 4 5 6 7 8 9 11 | 11.0
Armour         | 3 4 5 6 8 9 10 | 10.7
Dodging        | 3 4 5 6 7 8 9 |  9.9

Action                   |  1- 3 |  4- 6 |  7- 9 | 10-12 || total
-------------------------+-------+-------+-------+-------++-------
Melee: Hand axe          |    74 |   106 |       |       ||   180
       Headbutt          |    12 |     5 |    39 |    66 ||   122
       Battleaxe         |       |       |   233 |   331 ||   564
Invok: Berserk           |       |     2 |     3 |     5 ||    10
  Use: Scroll            |       |       |     5 |       ||     5
  Eat: Chunk             |     1 |     5 |    10 |     7 ||    23
       Ration            |       |       |     2 |     4 ||     6
Armor: Animal skin       |    18 |       |       |       ||    18
       Chain mail        |    25 |    45 |   118 |    34 ||   222
       Plate armour      |       |       |       |   153 ||   153
       Skin              |       |       |       |     1 ||     1
Dodge: Dodged            |    52 |    61 |   140 |   217 ||   470
